cohdb
Replays
Latest Replays
All Replays
Popular Replays
Top Player Replays
Match Explorer
How It Works
Community
CoH3 Stats
Reddit
Sign in to upload your games and track your stats! →
Sign in with Steam
Match 44580856
Unlisted
Match 44580856
Overview
Messages
Build Orders
End
Construct Infanterie Kompanie
Selects Luftwaffe Battlegroup
Selects Luftwaffe Pioneer Support
Fallschirmpioneer Squad Paradrop
MG 42 Machine Gun Team
MG 42 Bunker
Grenadier Squad
Selects Stuka Strafing Run
Stuka Strafing Run
Construct Luftwaffe Kompanie
Stuka Strafing Run
Support Elements
Selects Fallschirmjäger Squad Paradrop
Stuka Strafing Run
Wirbelwind Flakpanzer
Luftwaffe Officer Quarters
Stuka Strafing Run
Construct Panzergrenadier Kompanie
Nebelwerfer 42 Rocket Launcher Team
Fallschirmpioneer Squad Paradrop
Joraad
Frajtag
Oberführer
Prometheus
Thor
The FBI
Mitch06g35
PaulieDee
0
0
Comments
sign in to comment!
No comments posted yet!